 Dungeon Crawl Stone Soup version 0.22-a0-614-g34fbaa0 (webtiles) character file.

185 WanWan the Twirler (level 5, -1/29 HPs)
             Began as a Gargoyle Wanderer on July 16, 2018.
             Was an Initiate of Okawaru.
             Killed by divine providence
             ... invoked by an orc priest
              (15 damage)
             ... on level 3 of the Dungeon.
             The game lasted 00:12:03 (3859 turns).

WanWan the Twirler (Gargoyle Wanderer)              Turns: 3859, Time: 00:12:03

Health: -1/29      AC:  8    Str: 14    XL:     5   Next: 64%
Magic:  0/6        EV: 10    Int: 17    God:    Okawaru [......]
Gold:   118        SH:  0    Dex: 10    Spells: 2/6 levels left

rFire    . . .     SeeInvis .   a - +0 quarterstaff
rCold    . . .     Gourm    .   (shield currently unavailable)
rNeg     + + .     Faith    .   p - +0 leather armour
rPois    ∞         Spirit   .   C - +0 helmet
rElec    +         Reflect  .   (no cloak)
rCorr    .         Harm     .   (no gloves)
MR       .....                  (no boots)
Stlth    ++........             (no amulet)
HPRegen  0.09/turn              n - ring of positive energy
MPRegen  0.10/turn              t - +3 ring of intelligence

@: no status effects
A: negative energy resistance 1, electricity resistance, unbreathing,
petrification resistance, rot immunity, AC +4
a: Renounce Religion


You were on level 3 of the Dungeon.
You worshipped Okawaru.
Okawaru was noncommittal.
You were hungry.

You visited 1 branch of the dungeon, and saw 4 of its levels.

You collected 118 gold pieces.

Inventory:

Hand Weapons
 a - a +0 quarterstaff (weapon)
 q - a +6 hunting sling
Missiles
 c - 52 arrows
 g - 32 bolts
 k - 188 stones (quivered)
 u - 4 tomahawks
 w - 15 javelins
 D - 14 sling bullets
Armour
 p - a +0 leather armour (worn)
 r - a +0 scale mail
 C - a +0 helmet (worn)
Jewellery
 n - a ring of positive energy (left hand)
 t - a +3 ring of intelligence (right hand)
Wands
 B - a wand of polymorph (13)
Scrolls
 e - a scroll of teleportation {unknown}
 h - 2 scrolls of identify {unknown}
 i - 4 scrolls of remove curse {@r2}
 j - a scroll of enchant armour {unknown}
 v - a scroll of enchant weapon {unknown}
 y - a scroll of random uselessness {unknown}
Potions
 b - 3 potions of haste {@q3}
 d - 2 potions of might {unknown}
 l - a potion of lignification {unknown}
 m - a potion of curing {unknown}
 o - a potion of brilliance {unknown}
 s - a potion of mutation {unknown}
 x - a potion of agility {unknown}
 A - a potion of flight {unknown}
Comestibles
 f - 8 rations {@e1}


   Skills:
 - Level 1.0 Fighting
 * Level 5.5 Staves
 - Level 2.1 Stealth
   Level 1.1 Shields
 + Level 1.1 Spellcasting
 + Level 1.5 Air Magic
   Level 2.4 Earth Magic
 + Level 2.2 Poison Magic


You had 2 spell levels left.
You knew the following spells:

 Your Spells              Type           Power        Failure   Level  Hunger
k - Swiftness             Chrm/Air       #.......     30%         2    ###....
z - Poisonous Vapours     Pois/Air       #.....       19%         2    ###....

Your spell library contained the following spells:

 Spells                   Type           Power        Failure   Level  Hunger


Dungeon Overview and Level Annotations

Branches:
Dungeon (4/15)
 Temple: D:4-7

Altars:
Cheibriados
Okawaru
Vehumet

Annotations:
D:4 exclusions: phantom and 2 more exclusions


Innate Abilities, Weirdness & Mutations

You are resistant to torment.
Your stone body is resilient. (AC +4)
You are immune to poison.
You resist negative energy. (rN+)
You are resistant to electric shocks. (rElec)
You can survive without breathing.
You are immune to petrification.
You are immune to rotting.


Message History

Casting: Poisonous Vapours (safe; 19% risk of failure)
Confirm with . or Enter, or press ? or * to list all spells.
Aiming: Poisonous Vapours (safe; 19% risk of failure)
Press: ? - help, Dir - move target cursor, f/p - orc priest
Aim: an orc priest, wielding a dagger (lightly wounded, poisoned) Poisonous vapours surround the orc priest!
The orc priest looks even sicker.
The frilled lizard bites you but does no damage.
The orc priest invokes the aid of Beogh against you.
Beogh smites you!
Ouch! That really hurt!
You hear a shout!
Okay, then.
Your leather armour prevents you from hitting the orc priest.
The orc priest is lightly wounded.
The frilled lizard bites you but does no damage.
The orc priest mumbles some strange prayers to Beogh against you.
Beogh smites you!
Ouch! That really hurt!
You die...

##.###.##.####.# ##.#
#.......#.# #..#
#.......#.#### ...#
#....>.......#
...###............#
..........###.....#
...######.........#
...##.......#.....#
......#######...@.########
...#### #...lo#.......
...# ####..#....... ####
##.wo.w.o.. ##############
###....... ...<..........
....... ##############
...%... ....... .......


You could see a worm, an orc priest and a frilled lizard.

Vanquished Creatures
  A hound (D:4)
  A worker ant (D:3)
  Robin (D:3)
  2 adders
  An ooze (D:2)
  5 worms
  2 dart slugs
  A leopard gecko (D:1)
  4 bats
  4 giant cockroaches
  9 hobgoblins
  4 jackals (D:1)
  A quokka (D:4)
  A ball python (D:2)
  6 frilled lizards
  13 goblins
  11 kobolds
  8 rats
75 creatures vanquished.

Notes
Turn   | Place    | Note
-------+----------+-------------------------------------------
     0 | D:1      | WanWan the Gargoyle Wanderer began the quest for the Orb.
     0 | D:1      | WanWan set off with: a +2 dagger, a potion of haste {@q3}, a +0 quarterstaff, a +0 robe, a ration {@e1}
     0 | D:1      | Reached XP level 1. HP: 10/10 MP: 2/2
   142 | D:1      | Reached XP level 2. HP: 15/16 MP: 3/3
   150 | D:1      | Learned a level 2 spell: Poisonous Vapours
   338 | D:1      | Reached skill level 1 in Fighting
   700 | D:1      | Reached XP level 3. HP: 20/20 MP: 4/4
  1799 | D:2      | Reached skill level 1 in Poison Magic
  2006 | D:2      | You fall through a shaft for 2 floors!
  2007 | D:4      | Found a radiant altar of Vehumet.
  2042 | D:4      | Noticed a phantom
  2076 | D:4      | Reached skill level 5 in Staves
  2076 | D:4      | Reached skill level 1 in Air Magic
  2076 | D:4      | Reached XP level 4. HP: 14/25 MP: 1/5
  2326 | D:4      | Learned a level 2 spell: Swiftness
  2337 | D:3      | Found a snail-covered altar of Cheibriados.
  2564 | D:2      | Reached XP level 5. HP: 29/29 MP: 0/6
  2829 | D:2      | Found an iron altar of Okawaru.
  2838 | D:2      | Became a worshipper of Warmaster Okawaru
  3463 | D:3      | Noticed Robin
  3512 | D:3      | Killed Robin
  3859 | D:3      | Killed from afar by an orc priest

Vault maps used:
D:1:      dpeg_arrival_rooms_with_view, minmay_split_cup_large
D:2:      lemuel_coloured_pillars_altar
D:3:      kennysheep_slug_shrine, first_ration, kennysheep_decorative_pillar,
          uniq_robin
D:4:      cheibrodos_greedy_goblins, grunt_temple_overflow_order_and_chaos_2,
          lemuel_crystal_altar, kennysheep_mini

Skill      XL: |  1  2  3  4  5 |
---------------+----------------+-----
Fighting       | 1 |  1.0
Poison Magic   | 1 2 |  2.2
Staves         | 5 |  5.5
Air Magic      | 1 |  1.5
Stealth        | |  2.1
Shields        | |  1.1
Spellcasting   | |  1.1
Earth Magic    | |  2.4

Action                   |  1- 3 |  4- 6 || total
-------------------------+-------+-------++-------
Melee: Quarterstaff      |    97 |    47 ||   144
Throw: Stone             |     1 |       ||     1
 Cast: Poisonous Vapours |    11 |    35 ||    46
  Use: Scroll            |     1 |       ||     1
 Stab: Sleeping          |     1 |       ||     1
  Eat: Chunk             |     5 |     9 ||    14
Armor: Robe              |    21 |       ||    21
       Leather armour    |    15 |    12 ||    27
Dodge: Dodged            |    39 |    17 ||    56

Table legend:
 A = Spawn XP
 B = Non-spawn XP
 C = Spawn XP percentage of total XP
 D = Spawn monster count
 E = Non-spawn monster count
 F = Spawn count percentage of total count
 G = Total turns spent on level
                    A         B        C        D         E        F      G
               +---------+---------+-------+---------+---------+-------+---------
         Total |       0 |     265 |   0.0 |       0 |      75 |   0.0 |  3859
               +---------+---------+-------+---------+---------+-------+---------
           D:1 |       0 |      46 |   0.0 |       0 |      28 |   0.0 |  1527
           D:2 |       0 |      64 |   0.0 |       0 |      22 |   0.0 |  1023
           D:3 |       0 |     108 |   0.0 |       0 |      23 |   0.0 |   988
           D:4 |       0 |      47 |   0.0 |       0 |       2 |   0.0 |   321
               +---------+---------+-------+---------+---------+-------+---------
